 Dungeon Crawl Stone Soup version 0.23.2-40-g277498a001 (webtiles) character file.

Game seed: 9875387238469161912

81 Hylith the Covered (level 4, -3/55 HPs)
             Began as a Demonspawn Wanderer on Sept 25, 2019.
             Slain by a goblin (4 damage)
             ... led by Robin
             ... on level 2 of the Dungeon.
             The game lasted 00:03:32 (1359 turns).

Hylith the Covered (Demonspawn Wanderer)            Turns: 1359, Time: 00:03:32

Health: -3/55      AC: 22    Str: 15    XL:     4   Next: 19%
Magic:  4/4        EV:  2    Int: 11    God:
Gold:   59         SH:  0    Dex: 13    Spells: 3/3 levels left

rFire    . . .     SeeInvis .   (no weapon)
rCold    . . .     Gourm    .   (no shield)
rNeg     + + +     Faith    .   (armour currently unavailable)
rPois    +         Spirit   .   (helmet currently unavailable)
rElec    .         Reflect  .   (cloak currently unavailable)
rCorr    +         Harm     .   (gloves currently unavailable)
MR       .....     NoTele   +   (boots currently unavailable)
Stlth    +.........             (no amulet)
HPRegen  0.18/turn              (no ring)
MPRegen  0.09/turn              k - ring of resist corrosion

@: tree-form, lightly drained
A: no striking features
a: no special abilities


You were on level 2 of the Dungeon.
You were not hungry.
You were a tree.
You visited 1 branch of the dungeon, and saw 2 of its levels.

You collected 59 gold pieces.

Inventory:

Hand Weapons
 n - a +0 hand axe of flaming
Armour
 d - a +2 scale mail (melded)
Jewellery
 k - a ring of resist corrosion (right branch)
Potions
 c - a potion of curing
 e - a potion of agility
 g - a potion of heal wounds {unknown}
 h - 2 potions of ambrosia {unknown}
 m - a potion of invisibility {unknown}
Comestibles
 a - 3 chunks of flesh
 f - 2 rations


   Skills:
 + Level 3.7(3.3) Fighting
   Level 1.0(0.6) Crossbows
 + Level 2.1(1.7) Throwing
 + Level 4.1(3.8) Armour
   Level 1.0(0.6) Shields
 + Level 0.7(0.4) Unarmed Combat


You had 3 spell levels left.
You didn't know any spells.
Your spell library was empty.

Dungeon Overview and Level Annotations

Branches:
Dungeon (2/15)

Altars:

Annotations:
D:2 Robin


Innate Abilities, Weirdness & Mutations

((You have sharp fingernails.))
((When seriously injured, your bleeding wounds create armour. (AC +0)))


Message History

Your +2 scale mail melds into your body.
Your roots penetrate the ground.
Your blood armour dries and flakes away.
Robin roars a battlecry!
The goblins go into a battle-frenzy!
The goblin barely misses you. The hobgoblin hits you.
* * * LOW HITPOINT WARNING * * *
The goblin hits you but does no damage. x2
You hit the goblin.
The goblin is almost dead.
The goblin barely misses you.
The hobgoblin hits you but does no damage.
The goblin hits you but does no damage. The goblin barely misses you.
You smack the goblin!
You kill the goblin!
Robin throws the goblin at you! The goblin hits you.
* * * LOW HITPOINT WARNING * * *
The hobgoblin hits you but does no damage.
The goblin hits you.
You die...

. .# .#
.##.# #.# .#
....#.
#.#..#
....[. #.#.)
......###...
..!...=..l#
......)g.g#
.......gSg#
.......gg♣#
....#.###g#
..( #.....#
. #####.# #
#.# . #.# #
#.# ### #
#.# #.#
#####
#.###.######
#....


You could see Robin, an adder, 3 hobgoblins, 3 goblins and a frilled lizard.

Vanquished Creatures
  A hound (D:2)
  A gnoll (D:1)
  A leopard gecko (D:1)
  A bat (D:1)
  3 giant cockroaches (D:1)
  9 goblins
  3 hobgoblins
  6 jackals
  2 frilled lizards
  5 kobolds (D:1)
  5 rats
37 creatures vanquished.

Notes
Turn   | Place    | Note
-------+----------+-------------------------------------------
     0 | D:1      | Hylith the Demonspawn Wanderer began the quest for the Orb.
     0 | D:1      | Hylith set off with the following items: a +0 club, a
                  | potion of lignification, a potion of curing, a +2 scale
                  | mail, a ration
     0 | D:1      | Reached XP level 1. HP: 18/18 MP: 1/1
   106 | D:1      | Gained mutation: When seriously injured, your bleeding
                  | wounds create armour. (AC +0) [demonic ancestry]
   106 | D:1      | Reached XP level 2. HP: 16/24 MP: 2/2
   510 | D:1      | Gained mutation: You have sharp fingernails. [demonic
                  | ancestry]
   510 | D:1      | Reached XP level 3. HP: 19/29 MP: 3/3
   555 | D:1      | Reached skill level 4 in Armour
  1213 | D:2      | Reached XP level 4. HP: 24/37 MP: 4/4
  1332 | D:2      | Noticed Robin
  1359 | D:2      | HP: 1/55 [goblin[Robin] (2)]
  1359 | D:2      | Slain by a goblin

Skill      XL: |  1  2  3 |
---------------+----------+-----
Armour         | 4 |  4.1
Throwing       | 2 |  2.1
Fighting       | |  3.7
Crossbows      | |  1.0
Shields        | |  1.0
Unarmed Combat | |  0.7

Action                   |  1- 3 |  4- 6 || total
-------------------------+-------+-------++-------
Melee: Club              |    31 |       ||    31
       Short sword       |    74 |       ||    74
       Unarmed           |    19 |    37 ||    56
  Use: Scroll            |     2 |       ||     2
       Potion            |       |     1 ||     1
  Eat: Chunk             |     1 |     1 ||     2
Armor: Scale mail        |    56 |    42 ||    98
       Skin              |       |     6 ||     6
Dodge: Dodged            |    66 |    53 ||   119
